 Dungeon Sprint DCSS version 0.27-a0-538-g15ff5c5295 (webtiles) character file.

Game seed: 5852839110943208884

21270 mhtbhm the Severer (level 12, -10/108 (124) HPs)
             Began as a Minotaur Fighter on Mar 6, 2021.
             Was the Champion of Trog.
             Mangled by a ghoul (12 damage)
             ... in the Dungeon (Sprint VII: "The Pits").
             The game lasted 00:05:31 (3443 turns).

mhtbhm the Severer (Minotaur Fighter)               Turns: 3443, Time: 00:05:31

HP:   -10/108 (124) AC: 21    Str: 27    XL:     12   Next: 52%
MP:   11/11         EV: 15    Int:  5    God:    Trog [******]
Gold: 25            SH: 15    Dex:  9    Spells: 11/11 levels left

rFire    . . .     SeeInvis .   a - +4 broad axe (flame)
rCold    . . .     Faith    .   c - +0 kite shield
rNeg     . . .     Spirit   .   b - +4 chain mail
rPois    +         Reflect  .   (helmet restricted)
rElec    .         Harm     .   j - +0 cloak
rCorr    .         Rampage  .   (no gloves)
Will     .....     NoTele   +   q - +0 pair of boots
Stlth    ..........             x - amulet of magic regeneration
HPRegen  0.28/turn              m - +3 ring of evasion
MPRegen  0.37/turn              w - ring of poison resistance

@: berserk cooldown, slowed, heavily drained, very slow
A: horns 2, retaliatory headbutt
a: Renounce Religion, Berserk, Trog's Hand, Brothers in Arms


You were in the Dungeon.
You worshipped Trog.
Trog was exalted by your worship.
You visited 1 branch You collected 25 gold pieces.

Inventory:

Hand Weapons
 a - a +4 broad axe of flaming (weapon)
Missiles
 r - 4 curare-tipped darts (quivered)
Armour
 b - a +4 chain mail (worn)
 c - a +0 kite shield (worn)
 j - a +0 cloak (worn)
 q - a +0 pair of boots (worn)
Jewellery
 m - a +3 ring of evasion (left hand)
 s - a ring of willpower
 w - a ring of poison resistance (right hand)
 x - an amulet of magic regeneration (around neck)
Scrolls
 l - a scroll of summoning
 t - a scroll of enchant armour
 u - 3 scrolls of fear
 v - 3 scrolls of identify
 y - 2 scrolls of enchant weapon
 z - 4 scrolls of fog
Potions
 d - a potion of might
 e - 9 potions of curing
 f - 15 potions of heal wounds
 g - a potion of haste
 h - 4 potions of magic
 i - 5 potions of berserk rage
 k - 2 potions of invisibility
 n - 2 potions of resistance
 p - 3 potions of mutation


   Skills:
 + Level 16.9 Fighting
 + Level 20.5 Axes
 + Level 16.9 Armour
 + Level 9.3 Dodging
 + Level 2.7 Stealth
 + Level 17.8 Shields


You had 11 spell levels left.
You didn't know any spells.
Your spell library was empty.

Dungeon Overview and Level Annotations

Branches:
Dungeon (1/1)

Altars:
Cheibriados
Dithmenos
Elyvilon
Fedhas
Gozag
Hepliaklqana
Makhleb
Nemelex Xobeh
Okawaru
Qazlal
Ru
Sif Muna
Trog
Vehumet
Wu Jian
Xom
Yredelemnul
Zin
The Shining One
Beogh
Jiyva
Lugonu


Innate Abilities, Weirdness & Mutations

You have a pair of horns on your head.
You reflexively headbutt those who attack you in melee.


Message History

You block the bone dragon's attack. x2
The bone dragon tramples you but does no damage.
You slash the shadow dragon! You burn the shadow dragon.
Your headbutt misses the shadow dragon.
The shadow dragon is severely wounded.
You slash the ghoul! You burn the ghoul.
You hit the bone dragon but do no damage.
You block the ghoul's attack. x2
The shadow dragon bites you but does no damage.
The shadow dragon claws you but does no damage. x2
The bone dragon barely misses you. The bone dragon closely misses you.
The bone dragon tramples you but does no damage.
You completely miss the shadow dragon. You headbutt the shadow dragon!!
The shadow dragon is almost dead.
You slash the ghoul! You burn the ghoul. You slash the bone dragon!
The ghoul claws you but does no damage. The ghoul closely misses you.
Unknown command.
Unknown command.
You barely miss the shadow dragon.
The shadow dragon is almost dead.
You hit the bone dragon. You hit the ghoul. You burn the ghoul.
You are no longer berserk.
You are exhausted.
You feel as though you will be slow longer.
You block the shadow dragon's attack.
The shadow dragon claws you but does no damage.
You block the shadow dragon's attack. The bone dragon bites you.
* * * LOW HITPOINT WARNING * * *
You block the bone dragon's attack. The bone dragon closely misses you.
Unknown command.
Unknown command.
You feel much better. You block the ghoul's attack. x2
The shadow dragon breathes negative energy at you.
The bolt of negative energy hits you!!!
You feel drained.
* * * LOW HITPOINT WARNING * * *
The bone dragon misses you. You furiously retaliate!
You headbutt the bone dragon, but do no damage.
The bone dragon claws you but does no damage.
You block the bone dragon's attack. The ghoul misses you. The ghoul claws you!
You die...

........''..........#
........''..........#
######..##..#....#..#
#..##..........+ #..##..........+
#..####''####++#
+..####''####++#########
#..##.D†...##........)..
##########..##.#@##.##...........
............##.#Dn+.##..#########
............## +..# ##..#
#''########## #..' #..#
#''########## +[.#. #..#
........##..# ##+#.##..#
.#......##..# ##..# ........''..#
#..# ........''..##########(.#


You could see a bone dragon, a ghoul and a shadow dragon (catching breath).

Vanquished Creatures
  2 ghouls (D)
  An eidolon (D)
  A hydra (D)
  A naga warrior (D)
  2 alligator snapping turtles (D)
  Erica (D)
  A death yak (D)
  Sonja (D)
  A deep troll (D)
  3 unseen horrors (D)
  A bog body (D)
  A naga ritualist (D)
  A wizard (D)
  A deep elf pyromancer (D)
  An orc sorcerer (D)
  2 cyclopes (D)
  A manticore (D)
  A molten gargoyle (D)
  A guardian serpent (D)
  An eye of devastation (D)
  An orange demon (D)
  A gargoyle (D)
  A hellwing (D)
  A merfolk (D)
  A hornet (D)
  A troll (D)
  A jumping spider (D)
  9 dream sheep (D)
  An air elemental (D)
  A ynoxinul (D)
  6 yaks (D)
  A steam dragon (D)
  2 vampire mosquitoes (D)
  3 nagas (D)
  A floating eye (D)
  A sky beast (D)
  A centaur (D)
  5 wolves (D)
  A bullfrog (D)
  A small abomination (D)
  A scorpion (D)
  A quasit (D)
  A gnoll shaman (D)
  Crazy Yiuf (D)
  An orc wizard (D)
  2 hell rats (D)
  3 gnolls (D)
  3 river rats (D)
  A white imp (D)
  3 ufetubi (D)
  A leopard gecko (D)
  2 giant cockroaches (D)
  2 goblins (D)
  10 jackals (D)
  A ball python (D)
  2 bats (D)
  A frilled lizard (D)
  A giant cockroach zombie (D)
102 creatures vanquished.

Vanquished Creatures (collateral kills)
  A merfolk impaler (D)
  2 boulder beetles (D)
  2 merfolk (D)
5 creatures vanquished.

Vanquished Creatures (others)
  An adder simulacrum (D)
1 creature vanquished.

Grand Total: 108 creatures vanquished

Notes
Turn   | Place    | Note
-------+----------+-------------------------------------------
     0 | D        | mhtbhm the Minotaur Fighter began the quest for the Orb.
     0 | D        | Reached XP level 1. HP: 19/19 MP: 0/0
    20 | D        | Reached skill level 3 in Axes
    23 | D        | Found a bloodstained altar of Trog.
    23 | D        | Found a shimmering blue altar of Sif Muna.
    23 | D        | Found a viscous altar of Jiyva.
    23 | D        | Found a hazy altar of Hepliaklqana.
    23 | D        | Found an opulent altar of Gozag.
    24 | D        | Found a glowing golden altar of the Shining One.
    24 | D        | Found a glowing silver altar of Zin.
    24 | D        | Found a basalt altar of Yredelemnul.
    24 | D        | Found a shimmering altar of Xom.
    24 | D        | Found an ornate altar of the Wu Jian Council.
    24 | D        | Found a sacrificial altar of Ru.
    24 | D        | Found a stormy altar of Qazlal.
    24 | D        | Found an iron altar of Okawaru.
    24 | D        | Found a sparkling altar of Nemelex Xobeh.
    24 | D        | Found a burning altar of Makhleb.
    24 | D        | Found a blossoming altar of Fedhas.
    24 | D        | Found a white marble altar of Elyvilon.
    24 | D        | Found a shadowy altar of Dithmenos.
    24 | D        | Found a snail-covered altar of Cheibriados.
    26 | D        | Found a radiant altar of Vehumet.
    26 | D        | Found a corrupted altar of Lugonu.
    28 | D        | Became a worshipper of Trog the Wrathful
   122 | D        | Reached XP level 2. HP: 19/28 MP: 1/1
   225 | D        | Reached * piety under Trog
   235 | D        | Reached ** piety under Trog
   240 | D        | Reached skill level 4 in Axes
   240 | D        | Reached skill level 5 in Armour
   240 | D        | Reached skill level 5 in Shields
   405 | D        | Noticed a sky beast
   411 | D        | Reached XP level 3. HP: 35/35 MP: 2/2
   412 | D        | Reached *** piety under Trog
   413 | D        | Reached skill level 5 in Fighting
   419 | D        | Reached skill level 5 in Axes
   419 | D        | Reached skill level 1 in Dodging
   422 | D        | Killed a sky beast
   423 | D        | Reached skill level 7 in Axes
   423 | D        | Reached XP level 4. HP: 24/44 MP: 3/3
   423 | D        | Reached XP level 5. HP: 27/50 MP: 4/4
   425 | D        | Reached **** piety under Trog
   426 | D        | Reached skill level 8 in Axes
   531 | D        | Noticed a boulder beetle
   697 | D        | Reached ***** piety under Trog
   698 | D        | Reached skill level 9 in Axes
   887 | D        | Noticed a centaur
   887 | D        | Noticed a deep troll
   887 | D        | Noticed a dream sheep
   887 | D        | Noticed a dream sheep
   887 | D        | Noticed a dream sheep
   887 | D        | Noticed a dream sheep
   892 | D        | Killed a dream sheep
   892 | D        | Killed a dream sheep
   893 | D        | Reached skill level 11 in Axes
   893 | D        | Reached XP level 6. HP: 61/61 MP: 5/5
   893 | D        | Reached XP level 7. HP: 67/67 MP: 6/6
   898 | D        | Killed a deep troll
   899 | D        | Reached skill level 12 in Axes
   899 | D        | Reached skill level 10 in Armour
   899 | D        | Reached skill level 5 in Dodging
   899 | D        | Reached skill level 10 in Shields
   899 | D        | Reached XP level 8. HP: 58/75 MP: 7/7
   902 | D        | Killed a dream sheep
   902 | D        | Received a gift from Trog
   903 | D        | Reached skill level 13 in Axes
   903 | D        | Killed a dream sheep
   904 | D        | Reached skill level 1 in Stealth
  1158 | D        | Noticed a jumping spider
  1159 | D        | Noticed a guardian serpent
  1165 | D        | Killed a guardian serpent
  1201 | D        | Killed a jumping spider
  1202 | D        | Reached XP level 9. HP: 59/84 MP: 8/8
  1304 | D        | Noticed a boulder beetle
  1304 | D        | Noticed an alligator snapping turtle
  1304 | D        | Noticed a cyclops
  1309 | D        | Killed a cyclops
  1310 | D        | Reached skill level 14 in Axes
  1321 | D        | Killed an alligator snapping turtle
  1322 | D        | Reached skill level 10 in Fighting
  1331 | D        | Killed a boulder beetle
  1332 | D        | Reached skill level 15 in Axes
  1561 | D        | Noticed a deep elf pyromancer
  1580 | D        | Killed a deep elf pyromancer
  1580 | D        | Received a gift from Trog
  1581 | D        | Reached XP level 10. HP: 50/96 MP: 9/9
  1758 | D        | Noticed a molten gargoyle
  1760 | D        | Noticed a manticore
  1764 | D        | Killed a molten gargoyle
  1774 | D        | Killed a manticore
  1775 | D        | Reached skill level 16 in Axes
  1863 | D        | Noticed a boulder beetle
  1864 | D        | Noticed a merfolk impaler
  1864 | D        | Noticed an alligator snapping turtle
  1872 | D        | Reached skill level 15 in Armour
  1884 | D        | Killed an alligator snapping turtle
  1885 | D        | HP: 4/145 [merfolk impaler/+4 trident of flaming (5)]
  1893 | D        | Killed a merfolk impaler
  1895 | D        | Reached skill level 17 in Axes
  1897 | D        | Killed a boulder beetle
  2182 | D        | Noticed Crazy Yiuf
  2182 | D        | Noticed Erica
  2186 | D        | Killed Crazy Yiuf
  2193 | D        | Killed Erica
  2193 | D        | Reached ****** piety under Trog
  2194 | D        | Reached XP level 11. HP: 90/105 MP: 10/10
  2273 | D        | Noticed Sonja
  2281 | D        | Received a gift from Trog
  2282 | D        | Reached skill level 18 in Axes
  2289 | D        | Killed Sonja
  2540 | D        | Noticed a death yak
  2540 | D        | Noticed an orc sorcerer
  2551 | D        | Killed an orc sorcerer
  2551 | D        | Received a gift from Trog
  2556 | D        | Killed a death yak
  2557 | D        | Reached skill level 15 in Shields
  2690 | D        | Received a gift from Trog
  2707 | D        | Identified the +9 hand axe of the Tundras {vorpal, rPois
                  | Dex+2} (Trog gifted it to you in the Dungeon)
  2707 | D        | Received a gift from Trog
  2708 | D        | Reached skill level 19 in Axes
  2761 | D        | Killed an unseen horror
  2762 | D        | Identified the +5 quick blade "Boelou" {flame, rElec} (Trog
                  | gifted it to you in the Dungeon)
  2762 | D        | Received a gift from Trog
  2876 | D        | Paralysed by a floating eye for 2 turns
  2882 | D        | Noticed a wizard
  2896 | D        | Killed a wizard
  2896 | D        | Received a gift from Trog
  3007 | D        | Noticed a naga warrior
  3007 | D        | Noticed a naga ritualist
  3012 | D        | Noticed an eight-headed hydra
  3013 | D        | Noticed a bog body
  3026 | D        | Reached skill level 15 in Fighting
  3027 | D        | Killed an unseen horror
  3027 | D        | Killed a naga ritualist
  3027 | D        | Received a gift from Trog
  3028 | D        | Reached XP level 12. HP: 121/121 MP: 11/11
  3037 | D        | Killed a 13-headed hydra
  3040 | D        | Received a gift from Trog
  3041 | D        | Reached skill level 20 in Axes
  3046 | D        | Killed a naga warrior
  3418 | D        | Noticed an eidolon
  3418 | D        | Noticed a shadow dragon
  3418 | D        | Noticed a ghoul
  3418 | D        | Noticed a ghoul
  3418 | D        | Noticed a ghoul
  3418 | D        | Noticed a bone dragon
  3434 | D        | Killed an eidolon
  3435 | D        | Killed a ghoul
  3437 | D        | Killed a ghoul
  3443 | D        | HP: 2/108 [shadow dragon/bolt of negative energy (40)]
  3443 | D        | Mangled by a ghoul

Illustrated notes

Levels and vault maps discovered:
D:        pitsprint [storerooms_1, entrance_room_1, metal_vault_2, armoury_1,
          mini_pit_1, grid_room_1, main_hall_1, silver_pit, the_coven_2,
          the_vestibule_1, steel_vault_3, golden_pit, hallway_of_sentries,
          crystal_vault_6, iron_vault_4, final_vault]

Skill      XL: |  1  2  3  4  5  6  7  8  9 10 11 12 |
---------------+-------------------------------------+-----
Fighting       | 4 5 7 8 9 11 12 15 16 | 16.9
Armour         | 4 5 6 9 10 12 14 15 16 | 16.9
Shields        | 4 5 6 9 10 11 12 13 16 17 | 17.8
Axes           | 3 4 7 11 12 13 15 17 19 20 | 20.5
Dodging        | 2 4 5 6 7 8 9 |  9.3
Stealth        | 1 2 |  2.7

Action                   |  1- 3 |  4- 6 |  7- 9 | 10-12 || total
-------------------------+-------+-------+-------+-------++-------
Melee: War axe           |     7 |       |       |       ||     7
       Hand axe          |    35 |    35 |    10 |    65 ||   145
       Headbutt          |     1 |    12 |    13 |    48 ||    74
       Broad axe         |       |       |    34 |   107 ||   141
Invok: Berserk           |     1 |     2 |     2 |     5 ||    10
       Brothers in Arms  |       |       |     1 |     2 ||     3
  Use: Potion            |       |     1 |     1 |     2 ||     4
       Scroll            |       |       |       |     1 ||     1
Armor: Scale mail        |    20 |       |       |       ||    20
       Chain mail        |    32 |    17 |    14 |    74 ||   137
Dodge: Dodged            |    23 |    11 |    19 |    86 ||   139
Block: Kite shield       |    52 |    11 |    14 |   129 ||   206

Table legend: (Time is in decaauts)
 A = Elapsed time spent in this place.
 B = Non-inter-level travel time spent in this place.
 C = Inter-level travel time spent in this place.
 D = Time resting spent in this place.
 E = Time spent auto-exploring this place.
 F = Levels seen in this place.
 G = Mean time per level.
                   A        B        C        D        E       F      G
               +--------+--------+--------+--------+--------+-----+--------+
         Total |   3474 |   3474 |      0 |   2392 |     32 |   1 | 3474.0 |
       Dungeon |   3474 |   3474 |      0 |   2392 |     32 |   1 | 3474.0 |
               +--------+--------+--------+--------+--------+-----+--------+

Top non-repeatable levels by time:
       D: 3474 daAuts
